 Dungeon Crawl Stone Soup version 0.23.2-1-ga50397a6bc (webtiles) character file.

Game seed: 9874491942408506926

424 Revguard the Slasher (level 6, -8/47 HPs)
             Began as a Demonspawn Gladiator on Apr 19, 2019.
             Was an Initiate of Ashenzari.
             Mangled by a mummy (11 damage)
             ... in an ossuary.
             The game lasted 00:09:03 (3169 turns).

Revguard the Slasher (Demonspawn Gladiator)         Turns: 3169, Time: 00:09:03

Health: -8/47      AC:  9    Str: 15    XL:     6   Next: 64%
Magic:  6/6        EV: 11    Int:  9    God:    Ashenzari [......]
Gold:   219        SH:  0    Dex: 18    Spells: 5/5 levels left

rFire    + . .     SeeInvis .   a - +0 long sword
rCold    . . .     Gourm    +   (no shield)
rNeg     . . .     Faith    .   q - +0 scale mail
rPois    .         Spirit   .   c - +1 helmet (curse)
rElec    .         Reflect  .   p - +0 cloak
rCorr    .         Harm     .   (no gloves)
MR       .....                  (no boots)
Stlth    +.........             h - amulet of the gourmand
HPRegen  0.15/turn              (no ring)
MPRegen  0.10/turn              (no ring)

@: no status effects
A: talons 1, thin skeletal structure 1, fire resistance 1
a: Curse Item, Renounce Religion


You were in an ossuary.
You worshipped Ashenzari.
Ashenzari was noncommittal.
You were very full.

You visited 1 branch of the dungeon, and saw 4 of its levels.
You also visited: Ossuary.

You collected 219 gold pieces.

Inventory:

Hand Weapons
 a - a +0 long sword (weapon)
Missiles
 d - 3 throwing nets (quivered)
Armour
 c - a cursed +1 helmet (worn)
 p - a +0 cloak (worn)
 q - a +0 scale mail (worn)
Jewellery
 h - an amulet of the gourmand (around neck)
 l - an uncursed amulet of harm
Potions
 b - a potion of invisibility
 g - 2 potions of ambrosia
 j - a potion of brilliance
 k - 6 potions of curing
Comestibles
 f - 3 rations


   Skills:
 + Level 3.1 Fighting
 + Level 5.3 Long Blades
 - Level 1.7 Throwing
 + Level 2.2 Armour
 + Level 3.7 Dodging


You had 5 spell levels left.
You didn't know any spells.
Your spell library was empty.

Dungeon Overview and Level Annotations

Branches:
Dungeon (4/15)
 Temple: D:4-7

Altars:
Ashenzari
Elyvilon
Vehumet


Innate Abilities, Weirdness & Mutations

You have sharp toenails.
You have a somewhat thin skeletal structure. (Dex +2, Stealth)
Your flesh is heat resistant. (rF+)


Message History

You hit the human zombie.
The human zombie is almost destroyed.
The human zombie hits you.
You hit the human zombie. You claw the human zombie.
You destroy the human zombie!
You start resting.
Something unseen opens the door.
A mummy is nearby!
An orc zombie comes into view.
You completely miss the mummy. You claw the mummy, but do no damage.
The mummy hits you!
You barely miss the mummy. You claw the mummy.
The mummy is moderately damaged.
The mummy hits you!
* * * LOW HITPOINT WARNING * * *
Your scale mail prevents you from hitting the mummy.
You claw the mummy.
The mummy is heavily damaged.
The mummy hits you!
You die...

##############8...8##
#. #.!!#^^^#.......#
#.. +...#^^^'...8...#
#.. #..M#^^^#...#...#
##'#######'##########
#.....#.....#
#..Z..#.....#
#....M8.....#
#....@......#
#...........#
###8.....8###
#...........#
#...........#
#.....8.....#
#.....#.....+
#.....#.....#
#############


You could see a mummy and an orc zombie.

Vanquished Creatures
  2 scorpions
  A crimson imp (D:3)
  An orc wizard (D:3)
  A centaur zombie (Ossuary)
  2 human zombies (Ossuary)
  A big kobold zombie (Ossuary)
  Robin (D:3)
  4 adders
  A scorpion zombie (Ossuary)
  An ooze (D:2)
  3 worms (D:2)
  A leopard gecko (D:3)
  5 orcs (D:3)
  5 giant cockroaches
  A gnoll zombie (Ossuary)
  16 goblins
  10 hobgoblins
  A jackal (D:2)
  3 quokkas
  2 ball pythons
  5 bats
  2 frilled lizards
  2 goblin zombies (Ossuary)
  11 kobolds
  A kobold zombie (Ossuary)
  2 orc zombies (Ossuary)
  3 rats
88 creatures vanquished.

Notes
Turn   | Place    | Note
-------+----------+-------------------------------------------
     0 | D:1      | Revguard the Demonspawn Gladiator began the quest for the
                  | Orb.
     0 | D:1      | Reached XP level 1. HP: 16/16 MP: 1/1
   290 | D:1      | Reached skill level 3 in Long Blades
   318 | D:1      | Gained mutation: Your flesh is heat resistant. (rF+)
                  | [demonic ancestry]
   318 | D:1      | Reached XP level 2. HP: 18/22 MP: 2/2
   867 | D:2      | Reached XP level 3. HP: 26/27 MP: 3/3
   887 | D:2      | Found a shattered altar of Ashenzari.
   902 | D:2      | Became a worshipper of Ashenzari the Shackled
   953 | D:2      | Found a white marble altar of Elyvilon.
  1540 | D:2      | Found a radiant altar of Vehumet.
  1659 | D:3      | Reached XP level 4. HP: 27/34 MP: 4/4
  1662 | D:3      | Noticed Robin
  1670 | D:3      | Killed Robin
  1700 | D:3      | Reached skill level 4 in Long Blades
  1700 | D:3      | Reached skill level 1 in Armour
  1903 | D:3      | Gained mutation: You have sharp toenails. [demonic
                  | ancestry]
  1903 | D:3      | Reached XP level 5. HP: 37/39 MP: 5/5
  2889 | D:4      | Noticed an ogre
  2890 | D:4      | Found a sand-covered staircase.
  2900 | Ossuary  | Entered an ossuary
  3004 | Ossuary  | Gained mutation: You have a somewhat thin skeletal
                  | structure. (Dex +2, Stealth) [demonic ancestry]
  3004 | Ossuary  | Reached XP level 6. HP: 43/46 MP: 6/6
  3047 | Ossuary  | Reached skill level 5 in Long Blades
  3169 | Ossuary  | Mangled by a mummy

Skill      XL: |  1  2  3  4  5  6 |
---------------+-------------------+-----
Long Blades    | 3 4 5 |  5.3
Dodging        | 3 |  3.7
Armour         | 1 2 |  2.2
Fighting       | 3 |  3.1
Throwing       | |  1.7

Action                   |  1- 3 |  4- 6 || total
-------------------------+-------+-------++-------
Melee: Long sword        |   148 |   166 ||   314
       Kick              |       |    68 ||    68
Invok: Curse Item        |     1 |       ||     1
  Use: Scroll            |     3 |     4 ||     7
       Potion            |     2 |       ||     2
  Eat: Chunk             |    17 |     4 ||    21
Armor: Leather armour    |    12 |       ||    12
       Ring mail         |    78 |    13 ||    91
       Scale mail        |       |    73 ||    73
Dodge: Dodged            |   140 |   125 ||   265
       Rpst.: Long sword |    42 |    37 ||    79
